 Dungeon Crawl Stone Soup version 0.30.1-4-g462c640d31 (webtiles) character file.

Game seed: 9020374512598467994

808 rvierbuc the Conjurer (level 7, 0/52 HPs)
             Began as a Demigod Conjurer on Aug 22, 2023.
             Slain by an orc warrior
             ... wielding a +0 trident
              (5 damage)
             ... on level 5 of the Dungeon.
             The game lasted 00:17:17 (5199 turns).

rvierbuc the Conjurer (Demigod Conjurer)            Turns: 5199, Time: 00:17:17

Health: 0/52       AC:  3    Str:  8    XL:     7   Next: 34%
Magic:  0/16       EV: 12    Int: 28    God:
Gold:   259        SH:  0    Dex: 12    Spells: 7/14 levels left

rFire   . . .        (no weapon)
rCold   . . .        (no shield)
rNeg    . . .        a - +1 robe
rPois   .            (no helmet)
rElec   .            (no cloak)
rCorr   .            (no gloves)
SInv    .            (no boots)
Will    .....        (no amulet)
Stlth   ++           (no ring)
HPRegen 0.28/turn    (no ring)
MPRegen 0.15/turn

%: no passive effects
@: no status effects
A: high MP 1, forlorn, divine attributes
a: no special abilities


You were on level 5 of the Dungeon.
You visited 1 branch of the dungeon, and saw 5 of its levels.

You collected 259 gold pieces.

Inventory:

Hand Weapons
 m - a +2 antimagic sling
Missiles
 l - 7 javelins
 n - 4 boomerangs
 q - 16 poisoned darts
Armour
 a - a +1 robe (worn)
Jewellery
 r - the ring "Moihe" {Int+3 Dex+6}
   (You found it on level 4 of the Dungeon)

   [ring of dexterity]

   Int:       It affects your intelligence (+3).
   Dex:       It affects your dexterity (+6).
Wands
 p - a wand of flame (8)
Scrolls
 c - a scroll of teleportation
 e - 3 scrolls of identify
 f - a scroll of fear
 g - a scroll of immolation
 i - 2 scrolls of torment
 t - a scroll of enchant weapon {unknown}
Potions
 b - a potion of magic
 d - 4 potions of curing
 h - a potion of lignification {unknown}
 j - a potion of ambrosia
 o - a potion of attraction {unknown}
 s - a potion of mutation


   Skills:
 + Level 1.0 Fighting
 + Level 0.7 Ranged Weapons
 + Level 3.1 Dodging
 + Level 3.4 Stealth
 + Level 4.2 Spellcasting
 + Level 6.1 Conjurations


You had 7 spell levels left.
You knew the following spells:

 Your Spells              Type           Power      Damage    Failure   Level
a - Magic Dart            Conj           100%       1d8       1%          1
b - Searing Ray           Conj           80%        2d7       1%          2
c - Fulminant Prism       Conj/Hex       11%        3d9       21%         4

Your spell library contained the following spells:

 Spells                   Type           Power      Damage    Failure   Level
 Dazzling Flash           Conj/Hex       46%        N/A       6%          3
 Iskenderun's Mystic Bla  Conj/Tloc      23%        2d6       21%         4
 Frozen Ramparts          Ice            10%        1d2       22%         3
 Ice Form                 Ice/Tmut       5%         N/A       58%         4
 Summon Ice Beast         Ice/Summ       5%         N/A       58%         4


Dungeon Overview and Level Annotations

Branches:
Dungeon (5/15)             Temple (0/1) D:4

Shops:
D:4 ?


Innate Abilities, Weirdness & Mutations

You have an increased reservoir of magic. (+10% MP)
You shall have no god before yourself.
Your divine heritage dramatically boosts your attributes as you level up.


Message History

You feel much better.
The orc warrior shoots a bolt.
The bolt hits you.
Casting: Searing Ray (safe; 1% risk of failure)
Confirm with . or Enter, or press ? or * to list all spells.
Aiming: Searing Ray (safe; 1% risk of failure)
Press: ? - help, Shift-Dir - straight line, f - orc warrior
Aim: an orc warrior, wielding a +6 arbalest and wearing a +0 chain mail (80% to hit)
The searing ray hits the orc priest!
The orc priest is heavily wounded.
The searing ray hits the orc warrior!
The orc warrior is moderately wounded. (Press . to maintain the ray.)
The searing ray hits the orc warrior!
The orc warrior is severely wounded.
The searing ray hits the orc warrior.
The orc warrior is almost dead.
The searing ray hits the orc priest!
You kill the orc priest!
The orc warrior unwields a +6 arbalest.
The orc warrior wields a +0 trident.
The orc warrior closely misses you.
Your Fighting skill increases to level 1!
You are too injured to fight recklessly!
Casting: Searing Ray (safe; 1% risk of failure)
Confirm with . or Enter, or press ? or * to list all spells.
Aiming: Magic Dart (safe; 1% risk of failure)
Press: ? - help, Shift-Dir - straight line, f/p - orc warrior
Aim: an orc warrior, wielding a +0 trident and wearing a +0 chain mail (almost dead, 100% to hit)
The magic dart hits the orc warrior but does no damage.
The orc warrior is almost dead.
The orc warrior hits you with a +0 trident!
* * * LOW HITPOINT WARNING * * *
Casting: Magic Dart (safe; 1% risk of failure)
Confirm with . or Enter, or press ? or * to list all spells.
Aiming: Searing Ray (safe; 1% risk of failure)
Press: ? - help, Shift-Dir - straight line, f/p - orc warrior
Aim: an orc warrior, wielding a +0 trident and wearing a +0 chain mail (almost dead, 80% to hit)
The searing ray hits the orc warrior.
The orc warrior is almost dead. (Press . to maintain the ray.)
The orc warrior hits you with a +0 trident.
You die...

.##.#...................
......##########.#.##.##
###...# # #...# .....#
###. #.#.# ###...#.
..$## #.#.#
#...##.##...##.#.# #...#
#.(#.8.#...#
#...###8.....#)###
...##....())o@#
#..###..#.# ##.#.# ###..
#... ...## ####


You could see an orc warrior.

Vanquished Creatures
  Sigmund (D:4)
  A black bear (D:4)
  A scorpion (D:3)
  2 jellies
  A hound (D:4)
  An iron imp (D:4)
  2 orc priests
  Natasha (D:3)
  5 iguanas
  A sleepcap (D:4)
  An orc wizard (D:5)
  3 adders
  An ufetubus (D:4)
  A worm (D:2)
  2 dart slugs (D:4)
  6 orcs
  4 bats
  6 endoplasms
  2 giant cockroaches
  6 goblins
  6 hobgoblins
  11 jackals
  7 kobolds
  4 quokkas (D:1)
  9 ball pythons
  2 frilled lizards
  7 rats
94 creatures vanquished.

Notes
Turn   | Place    | Note
-------+----------+-------------------------------------------
     0 | D:1      | rvierbuc the Demigod Conjurer began the quest for the Orb.
     0 | D:1      | Reached XP level 1. HP: 14/14 MP: 5/5
   262 | D:1      | Reached skill level 4 in Conjurations
   294 | D:1      | Reached XP level 2. HP: 20/20 MP: 0/7
  1041 | D:1      | Reached XP level 3. HP: 26/26 MP: 6/8
  2624 | D:3      | Learned a level 2 spell: Searing Ray
  2806 | D:3      | Reached XP level 4. HP: 33/33 MP: 3/10
  3074 | D:3      | Noticed Natasha
  3083 | D:3      | Killed Natasha
  3251 | D:3      | Reached skill level 5 in Conjurations
  3251 | D:3      | Reached XP level 5. HP: 29/38 MP: 2/12
  3631 | D:4      | Learned a level 4 spell: Fulminant Prism
  3770 | D:4      | Found Boasmouj's Magic Scroll Shop.
  3812 | D:4      | Noticed a black bear
  3818 | D:4      | Noticed Sigmund
  3820 | D:4      | Killed a black bear
  3821 | D:4      | Reached XP level 6. HP: 46/46 MP: 3/13
  3877 | D:4      | Killed Sigmund
  4479 | D:4      | Found a staircase to the Ecumenical Temple.
  4655 | D:4      | Identified the ring "Moihe" {Int+3 Dex+6}
  4816 | D:4      | Reached XP level 7. HP: 51/51 MP: 10/16
  4889 | D:5      | Entered Level 5 of the Dungeon
  5034 | D:5      | Reached skill level 6 in Conjurations
  5198 | D:5      | Reached skill level 1 in Fighting
  5199 | D:5      | Slain by an orc warrior

Illustrated notes

Levels and vault maps discovered:
D:1:      nicolae_arrival_memento_mori, layout_basic, nicolae_figureground_pulse
D:2:      layout_loops_cross, basic_altar, chequers_serial_rivers_small_3,
          chequers_avenue, chequers_serial_rivers_small_3,
          small_statue_intersection
D:3:      layout_loops_corners, mainiacjoe_overflow_24_doors,
          nicolae_ru_sacrificial_ziggurat, uniq_natasha
D:4:      layout_basic, slow_altar_1, lightli_temple_of_fire, temple_doors_e,
          serial_shops, shop, uniq_sigmund
D:5:      layout_basic, mainiacjoe_overflow_boulevard, zin_scriptorium,
          general_overflow_altar, tgw_fedhas,
          mainiacjoe_overflow_catch_the_wave, guppyfry_early_orc_mine

Skill      XL: |  1  2  3  4  5  6  7 |
---------------+----------------------+-----
Conjurations   | 4 5 6 |  6.1
Dodging        | 2 3 |  3.1
Spellcasting   | 2 3 4 |  4.2
Stealth        | 2 3 |  3.4
Fighting       | 1 |  1.0
Ranged Weapons | |  0.7

Action                     |  1- 3 |  4- 6 |  7- 9 || total
---------------------------+-------+-------+-------++-------
   Fire: Sling             |     3 |       |       ||     3
   Cast: Magic Dart        |   103 |    81 |    10 ||   194
         Searing Ray       |       |     7 |     8 ||    15
    Use: Scroll            |       |    12 |       ||    12
         Potion            |       |       |     1 ||     1
 Armour: Robe              |     9 |     3 |       ||    12
  Dodge: Dodged            |    25 |    21 |     6 ||    52
